 Dungeon Crawl Stone Soup version 0.31-a0-1620-gcbf77bbcfc (webtiles) character file.

Game seed: 5472090441023148328

494 Laraso the Slasher (level 6, -2/56 HPs)
             Began as a Draconian Monk on Jan 11, 2024.
             Splashed by a jelly's acid (11 damage)
             ... on level 4 of the Dungeon.
             The game lasted 00:04:41 (3024 turns).

Laraso the Slasher (Draconian Monk)                 Turns: 3024, Time: 00:04:41

Health: -2/56      AC: -18   Str: 13    XL:     6   Next: 92%
Magic:  6/6        EV: 13    Int: 11    God:
Gold:   59         SH:  0    Dex: 15    Spells: 5/5 levels left

rFire   . . .        a - +0 falchion
rCold   . . .        c - orb {light}
rNeg    . . .        (body armour unavailable)
rPois   .            (helmet restricted)
rElec   .            (no cloak)
rCorr   .            (no gloves)
SInv    .            (no boots)
Will    .....        k - amulet of regeneration
Stlth   +            (no ring)
HPRegen 1.09/turn    (no ring)
MPRegen 0.10/turn

%: no passive effects
@: corroded, glowing
A: AC +6, unfitting armour, cold-blooded
a: no special abilities


You were on level 4 of the Dungeon.
You visited 1 branch of the dungeon, and saw 4 of its levels.

You collected 149 gold pieces.
You spent 90 gold pieces at shops.

Inventory:

Hand Weapons
 a - a +0 falchion (weapon)
Armour
 c - an orb of light (worn)
Jewellery
 j - an amulet of the acrobat
 k - an amulet of regeneration (around neck)
Scrolls
 d - 3 scrolls of revelation
 e - a scroll of poison
 f - a scroll of fear {unknown}
 g - a scroll of immolation {unknown}
 h - a scroll of enchant armour {unknown}
 i - 2 scrolls of fog
Potions
 m - a potion of invisibility {unknown}
 n - 2 potions of curing


   Skills:
 - Level 5.0 Fighting
 - Level 7.0 Long Blades
 * Level 3.0 Dodging


You had 5 spell levels left.
You didn't know any spells.
Your spell library was empty.

Dungeon Overview and Level Annotations

Branches:
Dungeon (4/15)
 Temple: D:4-7

Altars:
Fedhas
Zin

Shops:
D:3 (


Innate Abilities, Weirdness & Mutations

Your plain brown scales are hard. (AC +6)
You cannot fit into any form of body armour.
You are cold-blooded and may be slowed by cold attacks.


Message History

You tail-slap the jelly, but do no damage.
The jelly is moderately wounded.
The jelly hits you.
* * * LOW HITPOINT WARNING * * *
You are splashed with acid!
* * * LOW HITPOINT WARNING * * *
Okay, then.
Okay, then.
Okay, then.
Okay, then.
Okay, then.
You aren't carrying any items that you can evoke.
Unknown command.
Okay, then.
You are confused.
You feel invigorated. The jelly barely misses you.
Unknown command.
The jelly hits you.
* * * LOW HITPOINT WARNING * * *
You are splashed with acid.
* * * LOW HITPOINT WARNING * * *
The jelly closely misses you.
Unknown command.
The jelly barely misses you. The jelly closely misses you. The jelly hits you.
You are splashed with acid!
* * * LOW HITPOINT WARNING * * *
The jelly hits you.
* * * LOW HITPOINT WARNING * * *
The acid corrodes you!
You are splashed with acid!
* * * LOW HITPOINT WARNING * * *
You hit the jelly but do no damage.
Your hands burn!
* * * LOW HITPOINT WARNING * * *
The jelly is moderately wounded.
You feel less invigorated.
You feel less confused. The jelly hits you.
* * * LOW HITPOINT WARNING * * *
You are splashed with acid!
You die...

##.#.#############
#.## #....#
........# ##...
#........#######.#
#..##
##.....###.......#
##.#
##.###.##.....#.#
#.# #.#
.##.....#.# #.#
#.# .##...#.#.#
#.# #.. ##...#.#.#
#.# #. ##@##.#.#
#.# #J##.#.# #.#
#.##.#.###########
#....#..##........
.....#............
#... #####........
#.#. #########
#....


You could see a jelly.

Vanquished Creatures
  Sigmund (D:4)
  Eustachio (D:4)
  Blork the orc (D:4)
  An orc wizard (D:3)
  Robin (D:2)
  An adder (D:2)
  A dart slug (D:1)
  A ribbon worm (D:3)
  4 orcs
  8 endoplasms
  3 giant cockroaches
  14 goblins
  10 hobgoblins
  9 kobolds
  6 quokkas
  5 ball pythons
  3 bats (D:1)
  4 frilled lizards
  11 rats
85 creatures vanquished.

Notes
Turn   | Place    | Note
-------+----------+-------------------------------------------
     0 | D:1      | Laraso the Draconian Monk began the quest for the Orb.
     0 | D:1      | Reached XP level 1. HP: 19/19 MP: 1/1
    41 | D:1      | Reached XP level 2. HP: 14/26 MP: 2/2
   206 | D:1      | Reached skill level 4 in Long Blades
   400 | D:1      | Reached XP level 3. HP: 31/31 MP: 3/3
   856 | D:2      | Noticed Robin
   884 | D:2      | Killed Robin
   920 | D:2      | Reached XP level 4. HP: 38/38 MP: 4/4
   970 | D:2      | Reached skill level 5 in Long Blades
  1837 | D:3      | Found Oduseec's Antique Weapon Boutique.
  2191 | D:3      | Found Zin's Purification Station.
  2195 | D:3      | Found a glowing silver altar of Zin.
  2198 | D:3      | Bought a potion of curing for 90 gold pieces
  2249 | D:3      | Reached XP level 5. HP: 45/45 MP: 5/5
  2450 | D:4      | Noticed Sigmund
  2459 | D:4      | Killed Sigmund
  2460 | D:4      | Reached skill level 6 in Long Blades
  2460 | D:4      | Reached XP level 6. HP: 51/51 MP: 6/6
  2548 | D:4      | Noticed Eustachio
  2581 | D:4      | Killed Eustachio
  2582 | D:4      | Reached skill level 7 in Long Blades
  2642 | D:4      | Found a blossoming altar of Fedhas.
  2828 | D:4      | Noticed Blork the orc
  2837 | D:4      | Killed Blork the orc
  2838 | D:4      | Reached skill level 5 in Fighting
  3016 | D:4      | HP: 1/56 [acid (7)]
  3024 | D:4      | Splashed by a jelly's acid

Illustrated notes

Levels and vault maps discovered:
D:1:      spicycebolla_arrival_ecumenical, layout_rooms, minivault_11
D:2:      layout_basic, uniq_robin
D:3:      layout_loops_ring, zin_purify, serial_shops,
          nicolae_shop_tiny_waterfront
D:4:      layout_loops_corners, mainiacjoe_overflow_small_starburst,
          lemuel_tele_altar, serial_co_window_serial, co_window_paths_a,
          co_window_paths_b, co_window_paths_b, co_window_paths_b,
          co_window_of_opportunity_a, co_window_of_opportunity_b,
          co_window_of_opportunity_b, co_window_broadway_c, co_window_corner_b,
          co_window_2corner, co_window_4corner_a, glass_columns_b,
          glass_columns_c, glass_columns_c, glass_columns_a, uniq_blork_the_orc,
          uniq_sigmund, uniq_eustachio

Skill      XL: |  1  2  3  4  5  6 |
---------------+-------------------+-----
Long Blades    | 4 5 6 7 |  7.0
Fighting       | 5 |  5.0
Dodging        | 3 |  3.0

Action                     |  1- 3 |  4- 6 || total
---------------------------+-------+-------++-------
  Melee: Falchion          |   117 |   120 ||   237
         Tailslap          |    16 |    23 ||    39
    Use: Scroll            |     2 |     2 ||     4
         Potion            |       |     2 ||     2
 Armour: Skin              |    61 |    61 ||   122
  Dodge: Dodged            |    74 |    55 ||   129

Table legend: (Time is in decaauts)
 A = Elapsed time spent in this place.
 B = Non-inter-level travel time spent in this place.
 C = Inter-level travel time spent in this place.
 D = Time resting spent in this place.
 E = Time spent auto-exploring this place.
 F = Levels seen in this place.
 G = Mean time per level.
                   A        B        C        D        E       F      G
               +--------+--------+--------+--------+--------+-----+--------+
         Total |   3050 |   3003 |     47 |    303 |   2106 |   4 |  762.5 |
       Dungeon |   3050 |   3003 |     47 |    303 |   2106 |   4 |  762.5 |
               +--------+--------+--------+--------+--------+-----+--------+

Top non-repeatable levels by time:
     D:3: 818 daAuts
     D:1: 793 daAuts
     D:2: 770 daAuts
     D:4: 668 daAuts
